 Dungeon Crawl Stone Soup version 0.29-a0-839-g4793fd635e (webtiles) character file.

Game seed: 13867172029333966785

59 Ijustatesigmund the Firebug (level 4, 0/26 (29) HPs)
             Began as a Hill Orc Fire Elementalist on July 14, 2022.
             Slain by a wight
             ... wielding a +0 short sword
              (1 damage)
             ... on level 3 of the Dungeon.
             The game lasted 00:06:31 (3462 turns).

Ijustatesigmund the Firebug (HOFE)                  Turns: 3462, Time: 00:06:32

HP:   0/26 (29)     AC:  7    Str: 10    XL:     4   Next: 3%
MP:   6/6           EV: 11    Int: 15    God:
Gold: 67            SH:  5    Dex: 11    Spells: 3/6 levels left

rFire   . . .      SeeInvis .   d - +0 war axe
rCold   . . .      Faith    .   (no shield)
rNeg    . . .      Spirit   .   a - +3 leather armour
rPois   .          Reflect  +   (no helmet)
rElec   .          Harm     .   (no cloak)
rCorr   .          Rampage  .   h - +0 pair of gloves
Will    .....                   (no boots)
Stlth   +.........              i - amulet of reflection
HPRegen 0.08/turn               n - +4 ring of slaying
MPRegen 0.10/turn               (no ring)

@: heavily drained
A: talons 1, dopey 1, frail 1
a: no special abilities


You were on level 3 of the Dungeon.
You visited 1 branch of the dungeon, and saw 3 of its levels.

You collected 157 gold pieces.
You spent 90 gold pieces at shops.

Inventory:

Hand Weapons
 d - a +0 war axe (weapon)
Armour
 a - a +3 leather armour (worn)
 h - a +0 pair of gloves (worn)
Jewellery
 c - an amulet of the acrobat
 f - a +6 ring of dexterity
 i - an amulet of reflection (around neck)
 n - a +4 ring of slaying (left hand)
Wands
 b - a wand of iceblast (4)
 l - a wand of flame (20)
Scrolls
 e - 2 scrolls of magic mapping
 k - 2 scrolls of fear
 m - a scroll of enchant armour {unknown}
Potions
 g - a potion of resistance
 j - a potion of mutation


   Skills:
 - Level 0.6 Axes
 + Level 0.7 Armour
 - Level 1.5 Dodging
 - Level 1.5 Stealth
 - Level 1.5 Spellcasting
 + Level 2.5 Conjurations
 + Level 4.2 Fire Magic


You had 3 spell levels left.
You knew the following spells:

 Your Spells              Type           Power      Damage    Failure   Level
a - Foxfire               Conj/Fire      44%        2x1d6     8%          1
b - Scorch                Fire           28%        2d6       9%          2

Your spell library contained the following spells:

 Spells                   Type           Power      Damage    Failure   Level
 Conjure Flame            Conj/Fire      11%        6-21      24%         3
 Inner Flame              Hex/Fire       7%         N/A       36%         3
 Flame Wave               Conj/Fire      11%        2d5       61%         4


Dungeon Overview and Level Annotations

Branches:
Dungeon (3/15)

Altars:

Shops:
D:2 [=:((


Innate Abilities, Weirdness & Mutations

You have sharp toenails.
You are dopey. (Int -2)
You are frail. (-10% HP)


Message History

You feel clumsy.
You feel stronger.
c - a +6 ring of strength (right hand)
You remove your +6 ring of strength.
You feel weaker.
You drop a +6 ring of strength.
You now have 67 gold pieces (gained 12).
c - an amulet of the acrobat 3 wights come into view.
A wight is wielding a +2 hand axe of freezing.
A wight comes into view. It is wielding a +2 spear of freezing.
The wight hits you with a +2 hand axe of freezing.
You feel drained. The wight freezes you.
The wight hits you from afar with a +2 spear.
You feel drained.
You hit the wight.
The wight is moderately damaged.
You hit the wight. You block the wight's attack. x2
The wight hits you from afar with a +2 spear!
You are too injured to fight recklessly!
You are too injured to fight recklessly!
Unknown command.
Okay, then.
It was a potion of mutation.
You feel extremely strange.
You feel frail.
You feel stupid.
Your toenails lengthen and sharpen.
You block the wight's attack.
The wight hits you from afar with a +2 spear of freezing.
The wight freezes you. The wight closely misses you.
The wight barely misses you.
You hit the wight. Your kick misses the wight.
The wight is heavily damaged.
You closely miss the wight.
The wight hits you from afar with a +2 spear of freezing.
* * * LOW HITPOINT WARNING * * *
You feel drained.
* * * LOW HITPOINT WARNING * * *
The wight freezes you.
* * * LOW HITPOINT WARNING * * *
The wight hits you with a +0 short sword.
You die...

#.....#### #.........
#..#.#.#.# #.........
######..#.#.#.#
#..............
#.......#.#.#.#
######.............)
#z.@.........#.#.#.#
#...zzz................
#.##......#####...##.#.
######## #..........
..#...#.=.#
#...###..#.. ....
#.###. .. #'.....
...##+##


You could see 4 wights.

Vanquished Creatures
  A worm (D:2)
  A dart slug (D:3)
  4 orcs (D:3)
  5 endoplasms
  A giant cockroach (D:1)
  5 goblins
  2 hobgoblins (D:2)
  6 jackals (D:2)
  4 kobolds
  A quokka (D:3)
  4 ball pythons
  2 bats
  4 frilled lizards (D:1)
  5 rats
45 creatures vanquished.

Vanquished Creatures (others)
  67 foxfires
  2 fungi (D:2)
  2 plants (D:2)
71 creatures vanquished.

Grand Total: 116 creatures vanquished

Notes
Turn   | Place    | Note
-------+----------+-------------------------------------------
     0 | D:1      | Ijustatesigmund the Hill Orc Fire Elementalist began the
                  | quest for the Orb.
     0 | D:1      | Reached XP level 1. HP: 14/14 MP: 3/3
   533 | D:1      | Reached XP level 2. HP: 20/20 MP: 1/4
   864 | D:1      | Learned a level 2 spell: Scorch
  1529 | D:2      | Found Jaecs's Antique Armour Emporium.
  1619 | D:2      | Reached XP level 3. HP: 20/26 MP: 3/5
  1621 | D:2      | Reached skill level 4 in Fire Magic
  2123 | D:2      | Found Raizex's Jewellery Boutique.
  2198 | D:2      | Found Juippunyx's Book Shoppe.
  2354 | D:2      | Found Vylisud's Antique Weapon Emporium.
  2389 | D:2      | Found Ritz's Antique Weapon Shop.
  2917 | D:2      | Found a faded altar of an unknown god.
  2995 | D:2      | Bought a glowing leather armour for 90 gold pieces
  3386 | D:3      | Reached XP level 4. HP: 31/33 MP: 6/6
  3461 | D:3      | Gained mutation: You are frail. (-10% HP) [potion of
                  | mutation]
  3461 | D:3      | Gained mutation: You are dopey. (Int -2) [potion of
                  | mutation]
  3461 | D:3      | Gained mutation: You have sharp toenails. [potion of
                  | mutation]
  3462 | D:3      | HP: 1/26 [wight/+2 spear of freezing (3)]
  3462 | D:3      | Slain by a wight

Illustrated notes

Levels and vault maps discovered:
D:1:      spicycebolla_green_bress_n_ham, layout_basic
D:2:      layout_loops_corners, shapermc_ecumenical_altar_mp_urbaneastern,
          serial_shops, shop_statue, nicolae_square_shop, shop,
          nicolae_shop_trees, shop
D:3:      layout_basic, grunt_temple_overflow_champion_of_chaos, serial_glass,
          glass_columns_c, glass_columns_b, feat_on_display, feat_on_display,
          minmay_fractal_squares_diagonal_5

Skill      XL: |  1  2  3 |
---------------+----------+-----
Conjurations   | 2 |  2.5
Fire Magic     | 4 |  4.2
Axes           | |  0.6
Armour         | |  0.7
Dodging        | |  1.5
Stealth        | |  1.5
Spellcasting   | |  1.5

Action                   |  1- 3 |  4- 6 || total
-------------------------+-------+-------++-------
Melee: Short sword       |     6 |       ||     6
       Hand axe          |    14 |       ||    14
       War axe           |    10 |     6 ||    16
 Cast: Foxfire           |    42 |     2 ||    44
  Use: Potion            |     2 |     1 ||     3
       Scroll            |     6 |       ||     6
 Stab: Sleeping          |     1 |       ||     1
Armor: Robe              |    12 |       ||    12
       Leather armour    |     3 |     2 ||     5
Dodge: Dodged            |    59 |     4 ||    63
Block: Other             |     8 |     4 ||    12

Table legend: (Time is in decaauts)
 A = Elapsed time spent in this place.
 B = Non-inter-level travel time spent in this place.
 C = Inter-level travel time spent in this place.
 D = Time resting spent in this place.
 E = Time spent auto-exploring this place.
 F = Levels seen in this place.
 G = Mean time per level.
                   A        B        C        D        E       F      G
               +--------+--------+--------+--------+--------+-----+--------+
         Total |   3468 |   3297 |    171 |    922 |   2019 |   3 | 1156.0 |
       Dungeon |   3468 |   3297 |    171 |    922 |   2019 |   3 | 1156.0 |
               +--------+--------+--------+--------+--------+-----+--------+

Top non-repeatable levels by time:
     D:2: 1598 daAuts
     D:1: 1425 daAuts
     D:3: 444 daAuts
